Map: Overgrowth LE (Void)

Players

radiowar - Winner!

  • Race: Protoss Protoss
  • League: Gold
  • Spawn Location: 1:00

Fropez

  • Race: Protoss Protoss
  • League: Gold
  • Spawn Location: 7:00

VOD

Have the link to the VOD?

Description

Time

  • Played on: Dec. 24, 2016, 2:51 p.m.
  • Length: 11:12
Show
View Real Time Build Order
Export as new Build Order

radiowar Protoss - Winner!

Build Orders:  

Get SALT Encoding   

  12  0:01  Probe (Chrono Boost)  
  13  0:12  Probe (Chrono Boost)  
  14  0:18  Pylon  
  14  0:22  Probe (Chrono Boost)  
  15  0:37  Probe (Chrono Boost)  
  15  0:38  Gateway  
  16  0:47  Probe (Chrono Boost)  
  17  0:51  Assimilator  
  17  0:58  Probe (Chrono Boost)  
  18  1:07  Pylon  
  18  1:10  Probe (Chrono Boost)  
  19  1:20  Probe (Chrono Boost)  
  20  1:30  Cybernetics Core  
  20  1:35  Probe (Chrono Boost)  
  20  1:38  Assimilator  
  21  1:50  Probe (Chrono Boost)  
  22  2:02  Nexus  
  22  2:09  Robotics Facility  
  22  2:13  Warp Gate  
  22  2:24  Pylon  
  22  2:29  Probe (Chrono Boost)  
  23  2:39  Forge  
  23  2:43  Stalker  
  27  2:52  Mothership Core (Chrono Boost)  
  27  2:57  Observer  
  28  3:06  Protoss Ground Weapons Level 1  
  28  3:08  Pylon  
  28  3:21  Gateway  
  28  3:22  Probe (Chrono Boost)  
  29  3:28  Probe (Chrono Boost)  
  29  3:33  Sentry, Probe (Chrono Boost)  
  33  3:41  Probe (Chrono Boost)  
  33  3:43  Probe (Chrono Boost)  
  34  3:50  Gateway  
  34  3:52  Probe (Chrono Boost)  
  35  4:03  Immortal  
  39  4:13  Twilight Council  
  40  4:17  Probe (Chrono Boost)  
  40  4:18  Probe (Chrono Boost)  
  41  4:26  Photon Cannon  
  41  4:28  Probe (Chrono Boost)  
  41  4:30  Probe (Chrono Boost)  
  43  4:42  Immortal  
  43  4:44  Probe (Chrono Boost)  
  48  4:52  Blink  
  48  5:01  Stalker  
  48  5:03  Probe (Chrono Boost)  
  48  5:05  Probe (Chrono Boost)  
  48  5:06  Assimilator  
  52  5:10  Assimilator  
  52  5:12  Pylon  
  52  5:19  Pylon  
  52  5:24  Immortal  
  52  5:27  Pylon  
  56  5:29  Probe (Chrono Boost)  
  56  5:33  Probe (Chrono Boost)  
  58  5:35  Stalker  
  60  5:44  Stalker  
  60  5:46  Stalker  
  64  5:55  Probe (Chrono Boost)  
  66  5:57  Probe (Chrono Boost)  
  66  6:00  Stalker  
  68  6:06  Probe (Chrono Boost)  
  68  6:09  Probe (Chrono Boost)  
  68  6:10  Zealot x2  
  74  6:17  Warp Prism  
  76  6:22  Dark Shrine  
  76  6:29  Pylon  
  76  6:40  Stalker x3  
  48  7:42  Dark Templar x2  
  52  7:50  Dark Templar  
  54  7:52  Immortal  
  54  7:58  Gateway  
  58  8:00  Gateway  
  58  8:04  Pylon  
  55  8:36  Probe (Chrono Boost)  
  55  8:38  Probe (Chrono Boost)  
  55  8:39  Stalker  
  55  8:40  Stalker x2  
  55  8:41  Immortal  
  65  9:00  Nexus  
  65  9:04  Protoss Ground Armor Level 1  
  65  9:12  Pylon  
  65  9:15  Pylon, Immortal  
  65  9:21  Assimilator, Mothership Core (Chrono Boost)  
  71  9:27  Assimilator  
  71  9:33  Stalker x3  
  71  9:34  Stalker x2  
  79  9:44  Photon Cannon  
  79  9:49  Immortal  
  76  10:11  Dark Templar x2  
  76  10:12  Dark Templar x3  
  76  10:44  Stalker  
  76  10:45  Stalker x4  
  88  10:55  Stargate  
Show
View Real Time Build Order
Export as new Build Order

Fropez Protoss 

Build Orders: 1 Gate Expand 

Get SALT Encoding   

  12  0:01  Probe (Chrono Boost)  
  13  0:11  Probe (Chrono Boost)  
  14  0:19  Pylon  
  14  0:22  Probe (Chrono Boost)  
  15  0:37  Probe (Chrono Boost)  
  15  0:38  Gateway  
  16  0:48  Probe (Chrono Boost), Assimilator  
  17  0:58  Probe (Chrono Boost)  
  18  1:09  Probe (Chrono Boost)  
  19  1:19  Probe (Chrono Boost)  
  20  1:30  Probe (Chrono Boost)  
  20  1:31  Nexus  
  20  1:40  Probe (Chrono Boost)  
  20  1:44  Assimilator  
  21  1:51  Probe (Chrono Boost)  
  22  2:01  Probe (Chrono Boost), Cybernetics Core  
  23  2:21  Pylon  
  23  2:27  Warp Gate  
  23  2:35  Gateway  
  23  2:36  Gateway  
  23  2:40  Probe (Chrono Boost)  
  25  2:48  Mothership Core (Chrono Boost)  
  25  2:51  Probe (Chrono Boost)  
  27  2:53  Stalker  
  29  3:03  Probe (Chrono Boost)  
  30  3:06  Probe (Chrono Boost)  
  31  3:15  Probe (Chrono Boost)  
  31  3:17  Probe (Chrono Boost)  
  33  3:20  Pylon  
  36  3:27  Probe x2 (Chrono Boost), Stalker  
  36  3:33  Stalker  
  39  3:34  Stalker  
  39  3:39  Probe (Chrono Boost)  
  42  3:44  Probe (Chrono Boost)  
  43  3:54  Pylon  
  43  3:57  Twilight Council  
  43  3:59  Probe x2 (Chrono Boost)  
  45  4:04  Pylon  
  45  4:05  Assimilator  
  45  4:10  Probe (Chrono Boost)  
  45  4:11  Pylon  
  45  4:12  Probe (Chrono Boost)  
  49  4:25  Probe (Chrono Boost)  
  48  4:37  Robotics Facility  
  49  4:38  Probe (Chrono Boost)  
  49  4:39  Probe (Chrono Boost)  
  49  4:40  Gateway  
  49  4:42  Gateway  
  50  4:49  Probe (Chrono Boost), Blink  
  50  4:51  Assimilator  
  50  4:52  Probe (Chrono Boost), Stalker x2  
  56  4:55  Stalker  
  59  5:00  Probe (Chrono Boost)  
  59  5:04  Probe (Chrono Boost)  
  60  5:10  Probe (Chrono Boost)  
  61  5:16  Probe (Chrono Boost), Stalker  
  61  5:18  Stalker x2  
  68  5:21  Observer  
  69  5:38  Stalker x2  
  69  5:42  Stalker x2  
  77  5:58  Pylon  
  77  6:02  Probe (Chrono Boost)  
  77  6:03  Pylon  
  78  6:06  Pylon  
  78  6:11  Warp Prism  
  80  6:21  Forge, Probe x2 (Chrono Boost)  
  80  6:24  Forge  
  82  6:28  Stalker x2  
  82  6:30  Stalker  
  88  6:35  Stalker  
  88  6:37  Stalker  
  92  6:42  Nexus  
  92  6:45  Observer  
  87  7:08  Stalker x5  
  60  7:15  Protoss Ground Weapons Level 1, Protoss Ground Armor Level 1  
  39  7:35  Stalker x4  
  43  7:51  Warp Prism  
  43  7:57  Probe x2 (Chrono Boost)  
  43  7:58  Probe (Chrono Boost)  
  43  8:47  Stalker x3  
  43  8:48  Stalker x2  
  53  8:52  Pylon  
  53  8:54  Pylon  
  53  9:01  Assimilator  
  53  9:05  Assimilator  
  53  9:06  Probe x3 (Chrono Boost)  
  56  9:41  Stalker x4  
  52  10:17  Probe (Chrono Boost)  
  52  10:18  Probe x2 (Chrono Boost)  
  55  10:22  Stalker x3  
  57  10:41  Probe x2 (Chrono Boost)  
  51  10:45  Stalker  
Tags
 
League
GoldGold
Matchup
PvP
Replay Pack
All Mines
Spawn Locations
Cross Positions
Add a new tag
Caveats
  • Supply blocks, unpowered buildings, or Contaminate may cause inaccurate times.
  • Supply counts are checked every 10 seconds.